Map: Dasan Station LE

Players

Phenomenal - Winner!

  • Race: Zerg Zerg
  • League: Silver
  • Spawn Location: 12:00

Fropez

  • Race: Protoss Protoss
  • League: Gold
  • Spawn Location: 6:00

VOD

Have the link to the VOD?

Description

Time

  • Played on: Sept. 28, 2016, 11:58 a.m.
  • Length: 3:46
Show
View Real Time Build Order
Export as new Build Order

Phenomenal Zerg - Winner!

Build Orders: Pool First 

Get SALT Encoding   

  12  0:01  Drone  
  13  0:10  Drone  
  14  0:16  Overlord  
  14  0:21  Extractor  
  13  0:23  Drone  
  14  1:12  Spawning Pool  
  13  1:27  Hatchery  
  13  1:28  Drone x3  
  15  2:05  Queen  
  15  2:07  Zergling x6  
  20  2:15  Extractor  
  19  2:33  Zergling x2  
  19  2:34  Zergling x2  
  21  2:42  Hatchery  
  20  2:44  Drone  
  20  2:50  Zergling x2  
  22  3:08  Zergling x2  
  22  3:09  Zergling x2  
Show
View Real Time Build Order
Export as new Build Order

Fropez Protoss 

Build Orders:  

Get SALT Encoding   

  12  0:03  Probe (Chrono Boost)  
  13  0:14  Probe (Chrono Boost)  
  14  0:24  Pylon  
  14  0:45  Probe (Chrono Boost)  
  15  0:50  Pylon  
  15  0:56  Probe (Chrono Boost)  
  16  1:07  Probe (Chrono Boost)  
  16  1:11  Nexus  
  16  1:18  Assimilator  
  16  1:20  Probe (Chrono Boost)  
  17  1:38  Pylon  
  17  1:41  Probe (Chrono Boost)  
  18  1:47  Assimilator  
  18  1:51  Probe (Chrono Boost)  
  19  2:02  Probe (Chrono Boost)  
  19  2:05  Pylon  
  20  2:12  Gateway  
  20  2:13  Probe (Chrono Boost)  
  21  2:18  Gateway  
  21  2:24  Probe (Chrono Boost)  
  22  2:35  Probe (Chrono Boost)  
  23  2:45  Probe (Chrono Boost)  
  23  2:47  Probe (Chrono Boost)  
  25  3:08  Probe (Chrono Boost)  
  25  3:09  Pylon, Probe (Chrono Boost)  
  29  3:12  Zealot (Chrono Boost)  
  28  3:32  Probe  
Tags
 
Matchup
PvZ
Opening
Pool First
Replay Pack
All Mines
Spawn Locations
Cross Positions
Add a new tag
Caveats
  • Supply blocks, unpowered buildings, or Contaminate may cause inaccurate times.
  • Supply counts are checked every 10 seconds.